[Event "Early-Titled-Tuesday-Blitz-March-12-2024"]
[Site "Chess.com"]
[Date "2024.03.12"]
[Round "1"]
[White "ActorXu"]
[Black "chess_blitz00"]
[Result "1-0"]
[WhiteElo "2864"]
[BlackElo "2484"]
[TimeControl "180+1"]
[EndTime "8:07:40 PDT"]
[Termination "ActorXu won by checkmate"]

1. e4 e5 2. Nf3 Nc6 3. Bc4 Nf6 4. d3 Bc5 5. O-O d6 6. c3 a5 7. Nbd2 O-O 8. h3 Ba7 9. Re1 Be6 10. Bb5 Ne7 11. d4 Ng6 12. Ba4 c6 13.
Bc2 b5 14. a4 b4 15. Nf1 c5 16. d5 Bd7 17. c4 Bb6 18. Ng3 Qc8 19. b3 Bd8 20. Bd3 Be7 21. Bb2 Nf4 22. Bf1 h5 23.
Qd2 h4 24. Nxh4 N6xd5 25. Nhf5 Bxf5 26. Nxf5 Bg5 27. cxd5 Nxh3+ 28. gxh3 Bxd2 29. Ne7+ Kh7 30. Nxc8 Bxe1 31. Nb6 Bd2 32. Nxa8 Rxa8 33. Rd1 Bf4 34. Bc1 g5 35. Bxf4 gxf4 36. Be2 Kg6 37. Kh2 Kf6 38.
Rg1 Rc8 39. h4 f3 40. Bc4 Rh8 41. Rg4 Ke7 42. Kg3 Rh6 43. Kxf3 Rf6+ 44. Kg3 Rh6 45. f3 Rf6 46. h5 Rh6 47. Kh4 Rh8 48. Rg5 Kf6 49. Kg4 Rf8 50. h6 Rh8 51. Kh5 Ke7 52. Rf5 f6 53. f4 Rh7 54. fxe5 fxe5 55. Kg6 Rh8 56. Kg7 Re8 57. Rf7+ Kd8 58. Rf8 Ke7 59. Rxe8+ Kxe8 60. h7 Kd7 61. h8=Q Ke7 62. Qf8+ Kd7 63. Qf7+ Kd8 64. Bb5 Kc8 65. Bc6 Kb8 66. Qb7# 1-0

[Event "Early-Titled-Tuesday-Blitz-March-12-2024"]
[Site "Chess.com"]
[Date "2024.03.12"]
[Round "1"]
[White "chezzgirl04"]
[Black "CarlosjPineror"]
[Result "0-1"]
[WhiteElo "2138"]
[BlackElo "2603"]
[TimeControl "180+1"]
[EndTime "8:07:40 PDT"]
[Termination "CarlosjPineror won on time"]

1. e4 c5 2. Nf3 e6 3. c3 Nf6 4.
Bd3 Nc6 5. Bc2 d5 6. exd5 Nxd5 7. O-O Be7 8. d4 cxd4 9. Nxd4 Bd7 10. Nb5 a6 11.
Nd4 Nxd4 12. cxd4 Rc8 13. a3 O-O 14. Qd3 g6 15. Bh6 Re8 16. Nc3 Nxc3 17. bxc3 Bb5 18. Qe3 Bxf1 19. Rxf1 Qc7 20. Be4 b5 21. Rc1 Bxa3 22.
Rc2 Be7 23. g3 a5 24. h4 a4 25. h5 Bf6 26. hxg6 hxg6 27. Qf3 Bg7 28. Bf4 Qd7 29. Kg2 a3 30. Ra2 Qe7 31. Bc1 b4 32. cxb4 Rxc1 33. Qxa3 Rc4 34. Qb3 Rxb4 35. Qf3 Rxd4 36. Re2 Qf6 37.
Qe3 Red8 38. Re1 Rd2 39. Rh1 Qd4 40. Qf4 Rxf2+ 41. Qxf2 Qxe4+ 42. Kh2 Rb8 43. Kh3 Qxh1+ 44. Kg4 Rb4+ 0-1

[Event "Early-Titled-Tuesday-Blitz-March-12-2024"]
[Site "Chess.com"]
[Date "2024.03.12"]
[Round "1"]
[White "Happy1712Drummer"]
[Black "Yan_Dyomin2010"]
[Result "0-1"]
[WhiteElo "2367"]
[BlackElo "2721"]
[TimeControl "180+1"]
[EndTime "8:07:41 PDT"]
[Termination "Yan_Dyomin2010 won on time"]

1. e4 c5 2. Nf3 Nc6 3. Bb5 e6 4. O-O Nge7 5. Re1 a6 6. Bf1 Ng6 7. c3 Be7 8. d4 cxd4 9. cxd4 d5 10. e5 O-O 11. Nc3 Bd7 12. g3 Rc8 13. h4 h6 14. h5 Nh8 15. Bd3 f5 16. exf6 Bxf6 17. Bb1 Be8 18. Qd3 Bxh5 19. Qh7+ Kf7 20. Ne5+ Bxe5 21.
dxe5 Bg6 22. Bxg6+ Nxg6 23. Bxh6 Rg8 24. Re3 Nd4 25.
Rd1 Nf5 26. Rf3 Qf8 27. Nxd5 Re8 28. g4 Rh8 29. gxf5 Rxh7 30. fxg6+ Kxg6 31. Rxf8 Rxf8 32.
Be3 exd5 33. Rxd5 Rh4 34. Rd6+ Kh7 35. Rd7 Re8 36. f4 b5 37. Rd6 Rh3 38. Bd4 Rd3 39.
Bc3 Rxd6 40. exd6 Rd8 41. Be5 Kg6 42. Kf2 Kf7 43. Ke3 g6 44. Kf3 Ke6 45. Kg4 a5 46.
Kg5 Kf7 47. Kg4 Rc8 0-1

[Event "Early-Titled-Tuesday-Blitz-March-12-2024"]
[Site "Chess.com"]
[Date "2024.03.12"]
[Round "1"]
[White "ViIIagra"]
[Black "killer_dreams"]
[Result "1-0"]
[WhiteElo "2919"]
[BlackElo "2525"]
[TimeControl "180+1"]
[EndTime "8:07:44 PDT"]
[Termination "ViIIagra won by resignation"]

1. g3 d5 2. Bg2 Nf6 3. d3 e6 4.
f4 Bc5 5. Nf3 O-O 6. e3 c6 7. O-O Nbd7 8. Kh1 a5 9. Qe2 Re8 10. e4 e5 11. f5 dxe4 12. dxe4 Qb6 13. Nfd2 Qa6 14. c4 b5 15. g4 h6 16. Nc3 b4 17. Na4 Be7 18. h4 Nh7 19. Nf3 f6 20. Be3 c5 21. Rfd1 Qc6 22. b3 Bb7 23. Rd5 Qc7 24. g5 Bxd5 25. cxd5 hxg5 26. hxg5 fxg5 27.
Rd1 Rac8 28. d6 Bxd6 29. Qd2 c4 30. Qxd6 Qxd6 31. Rxd6 Ndf6 32. Nxg5 Nxg5 33. Bxg5 c3 34. Nb6 Rcd8 35. Rc6 Rd1+ 36. Kh2 Ng4+ 37. Kg3 Nf6 38. Bf3 Rd3 39. Kf2 Red8 40. Nc4 c2 41. Nxe5 Rc3 42. Rxc3 bxc3 43. Ke2 Rd1 44. Nd3 Ra1 45. Nc1 Rb1 46. Kd3 Nh7 47. Be3 Ra1 48. Kxc2 Nf6 49.
Bd4 Nd7 50. e5 Kf8 51. Bxc3 Rxc1+ 52. Kxc1 1-0

[Event "Early-Titled-Tuesday-Blitz-March-12-2024"]
[Site "Chess.com"]
[Date "2024.03.12"]
[Round "1"]
[White "KnightmareJoker"]
[Black "LeRoidesChampions"]
[Result "0-1"]
[WhiteElo "2214"]
[BlackElo "2617"]
[TimeControl "180+1"]
[EndTime "8:07:47 PDT"]
[Termination "LeRoidesChampions won on time"]

1. e4 e6 2. d4 d5 3. Nc3 dxe4 4. Nxe4 Nf6 5. Nxf6+ gxf6 6. Nf3 b6 7. Be2 Bb7 8. c3 Nd7 9. Bf4 f5 10. Rg1 Nf6 11.
Ne5 Qd5 12. Bh5 Nxh5 13. Qxh5 Qe4+ 14. Be3 O-O-O 15. Nxf7 f4 16. Nxd8 fxe3 17. Nxb7 exf2+ 18.
Kxf2 Be7 19. Rge1 Qxb7 20. Kg1 Rg8 21. Qh3 Kb8 22. Rxe6 Bd6 23. Rae1 Qc6 24. R1e2 Kb7 25. Kh1 Rf8 26. Re1 Qc4 27. g3 Rf2 28. Qh5 Rxb2 29.
Qf3+ Ka6 30. R6e2 Rxa2 31. Rxa2+ Qxa2 32. Qe2+ Qxe2 33. Rxe2 Kb5 34. Ra2 a5 35. Kg2 a4 36.
Kf3 a3 37. Ke2 Kc4 38. Kd2 Kb3 39. Ra1 Kb2 40. Rc1 a2 41. Rc2+ Kb3 42. Rc1 Ba3 43.
Ra1 b5 44. d5 Bd6 0-1

[Event "Early-Titled-Tuesday-Blitz-March-12-2024"]
[Site "Chess.com"]
[Date "2024.03.12"]
[Round "1"]
[White "Peng_Li-Min"]
[Black "Yonousomodulo"]
[Result "0-1"]
[WhiteElo "2801"]
[BlackElo "2469"]
[TimeControl "180+1"]
[EndTime "8:07:48 PDT"]
[Termination "Yonousomodulo won by resignation"]

1. e4 c6 2. d4 d5 3. Nc3 dxe4 4.
Nxe4 Nf6 5. Nxf6+ exf6 6. c3 Bd6 7. Bd3 O-O 8. Qc2 Re8+ 9. Ne2 h5 10. O-O h4 11. h3 Nd7 12. Nf4 Nf8 13. Nh5 g6 14. Nf4 f5 15. Be3 Ne6 16. Nxe6 Bxe6 17. Qd2 Bc7 18.
Bf4 Kg7 19. Rfe1 Bxf4 20. Qxf4 Qf6 21. Re5 Re7 22. Rae1 Rd7 23. b3 Rad8 24. Bc2 Rd5 25. Rxd5 Rxd5 26. Qb8 Rd7 27. Qxa7 f4 28. Be4 f3 29. Qc5 fxg2 30. Bxg2 Rd5 31. Qxd5 Bxd5 32. Re5 Bxg2 33. Kxg2 Qf4 34. Re3 Kf6 35. Rf3 Kg5 36. Rxf4 Kxf4 37. Kf1 Kf3 38. a4 g5 39. c4 Ke4 40. d5 cxd5 41. cxd5 Kxd5 42. Ke2 Kc5 43. f4 f6 44. fxg5 fxg5 45. Kf3 Kb4 46. Kg4 Kxb3 47.
Kxg5 Kxa4 48. Kxh4 b5 49. Kg5 b4 50. h4 b3 51. h5 b2 52. h6 b1=Q 53. Kf6 Qh7 54. Kg5 Kb5 55. Kh5 Kc6 56. Kg5 0-1

[Event "Early-Titled-Tuesday-Blitz-March-12-2024"]
[Site "Chess.com"]
[Date "2024.03.12"]
[Round "1"]
[White "Cryptinz"]
[Black "Dyadya81"]
[Result "0-1"]
[WhiteElo "2514"]
[BlackElo "2909"]
[TimeControl "180+1"]
[EndTime "8:07:50 PDT"]
[Termination "Dyadya81 won on time"]

1. e4 c6 2. d4 d5 3. Nc3 dxe4 4. Nxe4 Bf5 5. Ng3 Bg6 6. N1e2 Nf6 7. h4 h6 8. Nf4 Bh7 9. Bd3 Bxd3 10. Qxd3 e6 11. Bd2 Nbd7 12. O-O-O Qc7 13. Nfh5 O-O-O 14. Kb1 c5 15. Bf4 Qc6 16. dxc5 Bxc5 17. f3 Nd5 18.
Bc1 N7b6 19. Qe2 Na4 20. Ka1 Nac3 21. bxc3 Nxc3 22. Rxd8+ Rxd8 23. Qc4 Nd1 24. Bb2 Rd2 25. Ne4 Rd5 26. Nxg7 Ne3 27. Qe2 Bd4 28. Bxd4 Nxc2+ 29. Kb2 Rb5+ 30. Qxb5 Qxb5+ 31. Kxc2 Qc4+ 32. Bc3 Qe2+ 33. Kb3 Qxg2 34. Rd1 Qxf3 35. Nd6+ Kb8 36. Rd2 a5 37. Nge8 a4+ 38. Kb2 Qc6 39. Nf6 a3+ 40. Kb3 b5 41. Nde4 Qc4+ 42. Kc2 b4 43. Nd7+ Ka7 44. Rd4 Qxa2+ 45.
Kd3 Qb1+ 0-1

[Event "Early-Titled-Tuesday-Blitz-March-12-2024"]
[Site "Chess.com"]
[Date "2024.03.12"]
[Round "1"]
[White "LogoCzar"]
[Black "crazy_but_lazy"]
[Result "1-0"]
[WhiteElo "2378"]
[BlackElo "2703"]
[TimeControl "180+1"]
[EndTime "8:07:50 PDT"]
[Termination "LogoCzar won by checkmate"]

1. d4 d5 2. e4 dxe4 3. Nc3 c6 4. f3 exf3 5. Nxf3 Nf6 6. Bc4 e6 7. O-O b5 8. Bb3 a5 9. a4 b4 10. Ne2 Ba6 11. Re1 Be7 12. Nf4 Nd5 13. Ne5 O-O 14. Qg4 Nxf4 15. Bxf4 Qxd4+ 16. Kh1 Nd7 17. Rad1 Nxe5 18.
Rxe5 Qxb2 19. Rxe6 fxe6 20. Qxe6+ Kh8 21. Be5 Qxe5 22. Qxe5 Bf6 23. Qc5 Rac8 24. Qxa5 Be2 25. Re1 Bc3 26. Rg1 c5 27. h3 c4 28. Ba2 h6 29. Qb5 Rf2 30. a5 Rcf8 31. a6 Bd4 32. Qxb4 Rf1 33. Rxf1 Rxf1+ 34. Kh2 Be5+ 35. g3 Bf3 36. Qf8+ Kh7 37. Qf5+ g6 38. Qd7+ Kh8 39. Qc8+ Kh7 40. Qd7+ Kh8 41. Qe8+ Kh7 42. Qe7+ Bg7 43. g4 Rc1 44. Bxc4 Rxc2+ 45. Kg3 Rxc4 46. Kxf3 Rc3+ 47. Ke4 Rc1 48. Qb7 Re1+ 49. Kf3 Rf1+ 50. Kg2 Ra1 51.
a7 Ra2+ 52. Kf3 Ra3+ 53. Ke2 Ra2+ 54. Kd1 Ra1+ 55. Kc2 Ra2+ 56. Kd3 Ra3+ 57. Kc4 Rxh3 58. a8=Q Rc3+ 59. Kd5 h5 60. gxh5 gxh5 61. Ke6 Re3+ 62. Kf5 Re1 63. Kg5 Rg1+ 64. Kh4 Rg4+ 65. Kh3 Rg6 66. Qf7 h4 67. Qag8+ Kh6 68. Qf4+ Rg5 69. Qxg5+ Kxg5 70. Qxg7+ Kh5 71. Qg8 Kh6 72. Kg4 h3 73.
Kf5 h2 74. Qg6# 1-0

[Event "Early-Titled-Tuesday-Blitz-March-12-2024"]
[Site "Chess.com"]
[Date "2024.03.12"]
[Round "1"]
[White "Viktoker"]
[Black "GMKrikor"]
[Result "0-1"]
[WhiteElo "2501"]
[BlackElo "2889"]
[TimeControl "180+1"]
[EndTime "8:07:51 PDT"]
[Termination "GMKrikor won by resignation"]

1. d4 Nf6 2. Bf4 c5 3. e3 g6 4.
Nf3 Bg7 5. h3 O-O 6. c3 d6 7.
Nbd2 cxd4 8. exd4 Nc6 9. Be2 e5 10. dxe5 dxe5 11. Bg5 h6 12. Bxf6 Qxf6 13. O-O Qe7 14. Bc4 Kh7 15. Re1 f5 16. Qc2 e4 17.
Nb3 Bd7 18. Rad1 Rac8 19. Bf1 Be6 20. Nfd4 Nxd4 21. Nxd4 Bf7 22. Qa4 a6 23. Rd2 Rfd8 24.
Red1 e3 25. fxe3 Qxe3+ 26. Kh1 Qf4 27. Qb4 Be5 28. Nf3 Qxb4 29. cxb4 Bf6 30. Rxd8 Rxd8 31.
Rxd8 Bxd8 32. b3 Bf6 33. b5 a5 34. Kg1 b6 35. Bc4 Be8 36. Kf2 Kg7 37. Ke3 Kf8 38.
Nd4 Ke7 39. a4 Kd6 40. Kd3 Bd7 41. Nf3 g5 42. Nd4 g4 43. hxg4 fxg4 44. Bf7 Bxd4 45.
Kxd4 Be6 46. Bxe6 Kxe6 47. Ke4 h5 48. Kf4 Kf6 49. Ke4 h4 50. b4 axb4 51. a5 b3 52. Kd3 b2 53. Kc2 b1=Q+ 54. Kxb1 h3 55. gxh3 gxh3 56. axb6 h2 57. b7 h1=Q+ 58. Kb2 Qxb7 0-1

[Event "Early-Titled-Tuesday-Blitz-March-12-2024"]
[Site "Chess.com"]
[Date "2024.03.12"]
[Round "1"]
[White "Carlos-Godoy"]
[Black "djano"]
[Result "0-1"]
[WhiteElo "2042"]
[BlackElo "2588"]
[TimeControl "180+1"]
[EndTime "8:07:51 PDT"]
[Termination "djano won on time"]

1. e4 c5 2. Nf3 Nc6 3. d4 cxd4 4. Nxd4 g6 5. Be3 Bg7 6. Nc3 Nf6 7. Bc4 O-O 8. Bb3 Re8 9. O-O d6 10. h3 Na5 11.
Qd2 b6 12. Rfe1 Bb7 13. Bh6 Bh8 14. Nf3 Nxb3 15. axb3 a6 16. Rad1 Qc7 17. Bf4 Rac8 18. Qe2 Qc6 19. Rd2 Nd7 20. Nd5 a5 21. c3 Nc5 22. b4 axb4 23. Nxb4 Qxe4 24. Qxe4 Nxe4 25. Rde2 Nc5 26. Bxd6 Ne6 27. Be5 Bxf3 28. gxf3 Bg7 29. Bxg7 Kxg7 30. Nd5 b5 31. Re4 Rc5 32. Nf4 Nxf4 33.
Rxf4 f5 34. Rb4 Rd5 35. Re6 h5 36. Rb6 Ra8 37. R6xb5 Ra1+ 38. Kg2 Rdd1 39. f4 Rg1+ 40. Kf3 Rh1 41. Rb7 Rae1 42. Rd4 Rxh3+ 43. Kg2 Rh4 44. Rdd7 Kf7 45. Rd4 Rg4+ 46. Kf3 h4 47. Rb8 Kg7 48. Rdd8 Re4 49. Rg8+ Kf6 50. Rgf8+ Ke6 51. Rb6+ Kd7 52. Rg8 Rexf4+ 53. Ke2 Re4+ 54. Kf1 h3 55. Rbxg6 h2 0-1

[Event "Early-Titled-Tuesday-Blitz-March-12-2024"]
[Site "Chess.com"]
[Date "2024.03.12"]
[Round "1"]
[White "el008"]
[Black "bardiya_Daneshvar"]
[Result "1-0"]
[WhiteElo "2529"]
[BlackElo "2890"]
[TimeControl "180+1"]
[EndTime "8:07:52 PDT"]
[Termination "el008 won on time"]

1. Nf3 d6 2. d4 b6 3. g3 Bb7 4. Bg2 g6 5. O-O Bg7 6. c4 Nf6 7. Nc3 Ne4 8. Nxe4 Bxe4 9. Ne1 Bxg2 10. Nxg2 O-O 11. e4 c5 12. d5 Nd7 13. Rb1 b5 14. cxb5 Qb6 15. a4 a6 16. bxa6 Rxa6 17. Ne3 Rfa8 18. Nc4 Qb7 19. a5 Ne5 20. Nxe5 Bxe5 21. Bd2 Qb5 22. Qc2 Bd4 23. b3 Qe2 24. Rbe1 Qf3 25. Qc4 h5 26. b4 h4 27. Qe2 Qa3 28.
b5 Rxa5 29. Bxa5 Rxa5 30. Kg2 Ra4 31. b6 Rb4 32. Rb1 Bb2 33. Qe3 Qa6 34. Rfd1 Qxb6 35. Qe2 c4 36. Rd2 c3 37. Rc2 Qd4 38. f3 Kg7 39. Rd1 Qe5 40. Qe3 f5 41. Qg5 hxg3 42.
hxg3 fxe4 43. Qxe5+ dxe5 44. Re1 exf3+ 45. Kxf3 Kf6 46. Ke3 1-0

[Event "Early-Titled-Tuesday-Blitz-March-12-2024"]
[Site "Chess.com"]
[Date "2024.03.12"]
[Round "1"]
[White "KChor05"]
[Black "JaackCamel"]
[Result "1-0"]
[WhiteElo "2606"]
[BlackElo "2181"]
[TimeControl "180+1"]
[EndTime "8:07:52 PDT"]
[Termination "KChor05 won on time"]

1. d4 d5 2. c4 e6 3. Nf3 c6 4. g3 dxc4 5. Bg2 b5 6. O-O Bb7 7. a4 Nf6 8. Ne5 Qc8 9. Nc3 a6 10. b3 b4 11. Nxc4 bxc3 12. Nb6 Qc7 13. Nxa8 Bxa8 14. Bf4 Qa7 15. Rc1 Nd5 16. Bxb8 Qxb8 17. e4 Nb4 18. Rxc3 a5 19. Qg4 g6 20. Rd1 Bg7 21. Rc5 Qb6 22. e5 O-O 23. h4 Nd5 24. h5 Qxb3 25. Rxa5 Nc3 26. Rf1 Qb4 27. Rc5 Nxa4 28.
Rcc1 c5 29. hxg6 hxg6 30. Bxa8 Rxa8 31. Qf3 Rf8 32. d5 exd5 33. Qxd5 Qd4 34. Rfd1 Qxe5 35. Qb3 Nb2 36. Re1 Qd4 37. Qc2 Nd3 38. Rcd1 Nxe1 39. Rxe1 c4 40. Rc1 c3 41. Rd1 Qe5 42. Kg2 Rc8 43.
Rd7 Re8 44. Qb3 Qe4+ 45. Kh2 Qe6 46. Qb7 Rf8 47. Rc7 Qe5 48. Re7 Qh5+ 49. Kg2 Qf5 50. Rc7 1-0

[Event "Early-Titled-Tuesday-Blitz-March-12-2024"]
[Site "Chess.com"]
[Date "2024.03.12"]
[Round "1"]
[White "bazar-wokzal"]
[Black "VladimirKramnik"]
[Result "0-1"]
[WhiteElo "2546"]
[BlackElo "2994"]
[TimeControl "180+1"]
[EndTime "8:07:55 PDT"]
[Termination "VladimirKramnik won by resignation"]

1. e4 c5 2. c3 d5 3. exd5 Qxd5 4. d4 Nf6 5. Nf3 e6 6. a3 Nc6 7. Be3 cxd4 8. cxd4 Be7 9. Nc3 Qa5 10. Bd3 O-O 11. O-O Rd8 12. Qc2 Bd7 13. b4 Qh5 14. Ne2 Bd6 15. b5 Ne7 16. Ne5 Rac8 17. Qb2 Bxe5 18.
dxe5 Ng4 19. Bf4 Ng6 20. Bxg6 Qxg6 21. Rac1 Rxc1 22. Rxc1 Qd3 23. Nc3 Qd4 24. Bg3 Be8 25. h3 Nh6 26. Rd1 Qb6 27. Rd6 Rxd6 28. exd6 Qd4 29.
Qc2 Nf5 30. Ne2 Qd5 31. Qc8 Qxb5 32. Nc3 Qc6 33. Qxc6 Bxc6 34. Bf4 f6 35. g4 Nd4 36. Be3 Nf3+ 37. Kf1 a6 38. Bc5 Kf7 39. Ke2 Ne5 40. f4 Nd7 41. Bd4 e5 42. fxe5 fxe5 43. Be3 Ke6 44.
Kd3 Kxd6 45. Bg5 Ke6 46. Bd8 Nf6 47. g5 Nh5 48. Ne2 Kf5 49. h4 Bb5+ 50. Ke3 Bxe2 51. Kxe2 Ke4 0-1

[Event "Early-Titled-Tuesday-Blitz-March-12-2024"]
[Site "Chess.com"]
[Date "2024.03.12"]
[Round "1"]
[White "Rosh1610"]
[Black "klimkoj"]
[Result "0-1"]
[WhiteElo "2472"]
[BlackElo "2857"]
[TimeControl "180+1"]
[EndTime "8:07:55 PDT"]
[Termination "klimkoj won by resignation"]

1. e4 c5 2. Nc3 Nc6 3. f4 g6 4. Nf3 Bg7 5. a4 e6 6. e5 d5 7. Nb5 Nge7 8. Nd6+ Kf8 9. Ng5 f6 10. Ndf7 Qc7 11. exf6 Bxf6 12. Nxh8 Qxf4 13. Nxh7+ Kg7 14. Nxf6 Qxf6 15. Qf3 Nf5 16. c3 Ne5 17. Qh3 Bd7 18. Nxg6 Nxg6 19. g3 Bc6 20. Bb5 Ne5 21. Bxc6 bxc6 22.
O-O c4 23. d4 cxd3 24. Bf4 Rh8 25. Qg2 Ng6 26. Rae1 e5 27. Bd2 e4 28. g4 Ngh4 29.
Qh1 Qg6 30. h3 Ng3 31. Qh2 Nxf1 32. Rxf1 Nf3+ 33. Rxf3 exf3 34. Qc7+ Qf7 35. Qe5+ Qf6 36.
Qc7+ Kg6 37. Qg3 f2+ 38. Kf1 Qe7 39. Qxd3+ Qe4 40. Qxe4+ dxe4 41. Kxf2 Rxh3 42. Be3 a6 43. b4 Rf3+ 44. Ke2 Rg3 45. g5 Kf5 46. a5 Rg2+ 47.
Kf1 Rc2 48. Bd4 Kf4 49. g6 Kf3 50. Kg1 Rg2+ 51. Kf1 Rxg6 52. c4 e3 53. b5 cxb5 54. cxb5 axb5 55. Bb6 e2+ 56. Ke1 Rd6 57. Bd4 Rxd4 0-1

[Event "Early-Titled-Tuesday-Blitz-March-12-2024"]
[Site "Chess.com"]
[Date "2024.03.12"]
[Round "1"]
[White "kassablanca"]
[Black "Practical-Play"]
[Result "0-1"]
[WhiteElo "2770"]
[BlackElo "2445"]
[TimeControl "180+1"]
[EndTime "8:07:55 PDT"]
[Termination "Practical-Play won by checkmate"]

1. d4 e6 2. c4 Bb4+ 3. Nd2 c5 4. a3 Bxd2+ 5. Qxd2 cxd4 6. Qxd4 Nf6 7. Nf3 Nc6 8. Qc3 O-O 9. Bg5 Qe7 10. e3 d6 11.
Be2 e5 12. Nd2 h6 13. Bh4 Re8 14. Rd1 Nd4 15. Bxf6 Nxe2 16. Bxe7 Nxc3 17. Rc1 Na2 18. Ra1 Rxe7 19. Rxa2 Be6 20. Ra1 Rc7 21. b3 d5 22.
cxd5 Bxd5 23. O-O Rc2 24. Rfd1 Rac8 25. h4 Rb2 26. Rab1 Ra2 27. Nc4 Bxc4 28. bxc4 b6 29. Rd5 f6 30. c5 Rxc5 31. Rxc5 bxc5 32. Rb8+ Kh7 33. Rc8 Rxa3 34. Rxc5 Kg6 35. g4 h5 36. g5 fxg5 37. hxg5 Kxg5 38. Rxe5+ Kh6 39. Re6+ g6 40. Kg2 Ra2 41. Kg3 a5 42. f4 Kg7 43. Ra6 Ra3 44. Kf3 Kf7 45. Ke4 h4 46. Kf3 h3 47. Ra8 Ra2 48. Rh8 h2 49. Kg3 a4 50. e4 a3 51. e5 Rb2 52. Rh7+ Ke6 53. Ra7 h1=Q 54. Ra6+ Ke7 55. Ra7+ Kd8 56. Ra6 Qg2+ 57. Kh4 Rb3 58. Rd6+ Kc7 59. Rd4 Rh3# 0-1

[Event "Early-Titled-Tuesday-Blitz-March-12-2024"]
[Site "Chess.com"]
[Date "2024.03.12"]
[Round "1"]
[White "Grandelicious"]
[Black "YegoryoCh"]
[Result "1-0"]
[WhiteElo "2880"]
[BlackElo "2490"]
[TimeControl "180+1"]
[EndTime "8:07:56 PDT"]
[Termination "Grandelicious won by resignation"]

1. Nf3 d5 2. e3 Nf6 3. c4 e6 4. b3 b6 5. cxd5 exd5 6. g3 Bd6 7. Bg2 O-O 8. O-O Nbd7 9. Bb2 Re8 10. Nc3 a6 11. Rc1 Bb7 12. Qc2 Rc8 13. Rfe1 Ne5 14. Nxe5 Bxe5 15. Ne2 Bxb2 16. Qxb2 Ne4 17. b4 Nd6 18. d3 Qd7 19. Nf4 Nf5 20. Bh3 Rcd8 21. Nh5 d4 22. e4 Qd6 23. Bxf5 g6 24. Bg4 gxh5 25. Bxh5 Re7 26. Bg4 Re5 27. a3 Rb5 28. Qd2 a5 29. Rc4 axb4 30. axb4 c5 31. bxc5 bxc5 32.
Rec1 Qe7 33. Bf5 Ra8 34. Qh6 f6 35. Qd2 Ra3 36. Qc2 Ba6 37. Qd1 Rba5 38. Qg4+ Kf8 39.
Rb1 Rb5 40. Rcc1 Rab3 41. Ra1 Rb6 42. Qf4 Rxd3 43. Ra5 Rc3 44. Rca1 Qb7 45. h4 Rb1+ 46. Rxb1 Qxb1+ 47. Kh2 Qb6 48. Ra2 Bc4 49. Qh6+ Kg8 50. Qxh7+ Kf8 51. Ra8+ 1-0

[Event "Early-Titled-Tuesday-Blitz-March-12-2024"]
[Site "Chess.com"]
[Date "2024.03.12"]
[Round "1"]
[White "Eloist"]
[Black "Danny_Billiards"]
[Result "0-1"]
[WhiteElo "2440"]
[BlackElo "2793"]
[TimeControl "180+1"]
[EndTime "8:07:57 PDT"]
[Termination "Danny_Billiards won by checkmate"]

1. e4 e6 2. d4 d5 3. Nd2 dxe4 4.
Nxe4 Nd7 5. Nf3 Ngf6 6. Bd3 c5 7.
Nxf6+ Nxf6 8. Be3 Qc7 9. dxc5 Bxc5 10. Bb5+ Bd7 11. Bxc5 Qxc5 12. Bxd7+ Nxd7 13. O-O Rd8 14. Qd4 O-O 15. Qxc5 Nxc5 16. c4 f6 17. Rfd1 Na4 18. b3 Nc3 19. Rxd8 Rxd8 20. Kf1 e5 21. Ke1 e4 22. Ng1 e3 23. fxe3 Rd3 24. Kf2 Rd2+ 25. Kf3 f5 26. h4 Kf7 27. a3 Ne4 28. Ne2 h6 29. g4 g6 30. gxf5 gxf5 31. b4 Kf6 32. c5 Ke5 33. Rc1 Ra2 34. c6 bxc6 35. Rxc6 Rxa3 36. Nf4 Nd6 37. Rc5+ Kf6 38. Rc6 Ke7 39.
Rc7+ Kf6 40. Rc6 Ke7 41. Rc7+ Kd8 42. Rh7 Nc4 43. Rxh6 Rxe3+ 44. Kf2 Re4 45. Kf3 Ne5+ 46. Kg3 Re3+ 47. Kg2 Ng4 48. Rh8+ Kd7 49. Rh7+ Kd6 50. Rxa7 Rb3 51. Ra6+ Ke5 52. Ng6+ Ke4 53. h5 f4 54.
Re6+ Kf5 55. Rc6 f3+ 56. Kf1 Rb1+ 57. Rc1 Rxc1# 0-1

[Event "Early-Titled-Tuesday-Blitz-March-12-2024"]
[Site "Chess.com"]
[Date "2024.03.12"]
[Round "1"]
[White "szachuspl"]
[Black "platy3"]
[Result "0-1"]
[WhiteElo "2531"]
[BlackElo "2955"]
[TimeControl "180+1"]
[EndTime "8:07:58 PDT"]
[Termination "platy3 won by resignation"]

1. d4 Nf6 2. c4 e6 3. Nf3 d5 4. Nc3 dxc4 5. Qa4+ c6 6. Qxc4 b5 7. Qd3 a6 8. e4 c5 9. Bg5 cxd4 10. Nxd4 Nbd7 11.
Rd1 Bb7 12. f3 h6 13. Bh4 Be7 14. Be2 O-O 15. O-O Ne5 16. Qb1 Qb6 17. Kh1 Rad8 18. Nb3 Nc4 19. Bf2 Qc7 20. Rxd8 Rxd8 21. Rd1 Rc8 22.
Nd2 Nxb2 23. Qxb2 Qxc3 24. Qxc3 Rxc3 25. Nb3 Rc2 26. Rd2 Rxd2 27. Nxd2 Nd7 28. Nb3 Kf8 29. Kg1 Ke8 30. Kf1 Kd8 31. Ke1 Kc7 32. Kd2 Bd6 33. h3 g5 34. Kc3 Ne5 35. h4 g4 36. f4 Ng6 37. e5 Be7 38. g3 h5 39. Bd3 Nf8 40. Nc5 Bc8 41. Ne4 Nd7 42. Ng5 Bxg5 43. hxg5 Nf8 44. Kb4 Kc6 45. Be4+ Kc7 46. Ka5 Bb7 47. Bd3 Ng6 48. Bb6+ Kd7 49. Be3 h4 50. Bxg6 h3 51. Bg1 fxg6 52. Kb6 Kc8 53. a3 Kb8 54. Bh2 Ka8 55. Kc7 Be4 56. Bg1 a5 57. Kb6 b4 58. axb4 axb4 59. f5 Bxf5 60. Kc5 b3 0-1

[Event "Early-Titled-Tuesday-Blitz-March-12-2024"]
[Site "Chess.com"]
[Date "2024.03.12"]
[Round "1"]
[White "eCztery"]
[Black "Byniolus"]
[Result "1/2-1/2"]
[WhiteElo "2463"]
[BlackElo "2812"]
[TimeControl "180+1"]
[EndTime "8:07:59 PDT"]
[Termination "Game drawn by repetition"]

1. e4 d6 2. d4 Nf6 3. Nc3 c6 4. Nf3 Bg4 5. Be2 e6 6. O-O Be7 7. e5 Nd5 8. exd6 Bxd6 9. Ne4 Be7 10. Ne5 Bxe2 11. Qxe2 Nd7 12. Rd1 O-O 13. c4 N5f6 14. Ng5 Qe8 15. Bf4 h6 16. Ngf3 Rd8 17. h3 a6 18. Rac1 Nxe5 19. Nxe5 Nd7 20. Qg4 Kh8 21. Qh5 Nf6 22. Qf3 Nd7 23. Ng4 Rg8 24. Qe3 Bf8 25.
Rc3 Qe7 26. Re1 Qh4 27. Be5 Bb4 28. Re2 Bxc3 29. bxc3 Nxe5 30. Nxe5 Qe7 31. Qf3 Rgf8 32. Re4 Kg8 33. Qh5 f5 34. Re3 Qe8 35. Qe2 Rf6 36. Nf3 Qf7 37. Ne5 Qf8 38. Nd3 Re8 39. Nc5 Qf7 40. Nd3 Qc7 41. Ne5 b6 42. Rg3 c5 43. Qe3 cxd4 44. cxd4 Rd8 45. Qf4 Qd6 46. Qh4 Kf8 47. Ng6+ Kg8 48. Ne5 Qf8 49. Ng6 Qf7 50.
Ne5 Qe7 51. Ng6 Qd6 52. Ne5 1/2-1/2

[Event "Early-Titled-Tuesday-Blitz-March-12-2024"]
[Site "Chess.com"]
[Date "2024.03.12"]
[Round "1"]
[White "profedechess93"]
[Black "pirulillo"]
[Result "0-1"]
[WhiteElo "2637"]
[BlackElo "2277"]
[TimeControl "180+1"]
[EndTime "8:07:59 PDT"]
[Termination "pirulillo won by resignation"]

1. e4 c5 2. Nf3 e6 3. d4 cxd4 4. Nxd4 Nf6 5. Nc3 Nc6 6. Nxc6 bxc6 7. e5 Nd5 8. Ne4 Bb7 9. Bd3 c5 10. c4 Nb4 11. Bb1 Qc7 12. Qh5 Be7 13. Bf4 Nc6 14.
O-O g6 15. Qh6 O-O-O 16. Nd6+ Bxd6 17. exd6 Qb6 18. Bg5 Rdf8 19. Bf6 Rhg8 20. Be4 Nd4 21. Bxb7+ Kxb7 22. b4 cxb4 23. c5 Qxc5 24. Qe3 e5 25.
Bxe5 Ne6 26. Qe4+ Qc6 27. Qxb4+ Ka8 28. Rfc1 Qd5 29. Bg3 Rb8 30. Qa3 f5 31. f3 Rgc8 32. Bf2 Rxc1+ 33. Rxc1 Qb7 34. Qa5 a6 35. h3 Rc8 36.
Rd1 Qb5 37. Qa3 Rc2 38. Qe3 Qc5 39. Qe1 Qc4 40. Qe3 Qc5 41. Qe1 Qc4 42. a4 Qe2 43. Qxe2 Rxe2 44. Rc1 Kb7 45. Rc4 a5 46. Rh4 h5 47.
Rc4 Ra2 48. Be3 Ra3 49. Bf2 Ra1+ 50. Rc1 Rxc1+ 51. Kh2 Rc4 0-1

[Event "Early-Titled-Tuesday-Blitz-March-12-2024"]
[Site "Chess.com"]
[Date "2024.03.12"]
[Round "1"]
[White "LeoPiper"]
[Black "Matibar"]
[Result "1/2-1/2"]
[WhiteElo "2409"]
[BlackElo "2742"]
[TimeControl "180+1"]
[EndTime "8:08:00 PDT"]
[Termination "Game drawn - insufficient material"]

1. d4 Nf6 2. c4 g6 3. g3 Bg7 4. Bg2 O-O 5. Nf3 d6 6. O-O Nc6 7. Nc3 Bf5 8. d5 Na5 9. b3 Ne4 10. Nxe4 Bxe4 11. Bd2 c5 12. Rc1 a6 13. Qe1 b6 14.
Bc3 Bxc3 15. Qxc3 b5 16. Nd2 Bxg2 17. Kxg2 Rb8 18. h4 bxc4 19. Nxc4 Nxc4 20. bxc4 Qb6 21. Rc2 Qb4 22. Qe3 Qa4 23. Rfc1 Qd7 24. h5 e5 25. Rh1 Qf5 26. Rc3 g5 27. Qd2 h6 28. Rf3 Qe4 29. Kh2 f5 30. Rb3 Qxc4 31. Rhb1 Rxb3 32.
Rxb3 Qg4 33. Rb7 Qxh5+ 34. Kg1 Rf7 35. Rb8+ Kg7 36. Qa5 Qxe2 37. Qd8 Qd1+ 38. Kh2 Qxd5 39. Qg8+ Kf6 40. Qh8+ Kg6 41. Qg8+ Kh5 42. Rf8 Qxa2 43. Qxf7+ Qxf7 44. Rxf7 Kg4 45. Rd7 h5 46. Rxd6 e4 47.
Rd5 h4 48. gxh4 gxh4 49. Rxc5 f4 50. Ra5 Kf3 51. Kg1 h3 52. Ra3+ e3 53. fxe3 fxe3 54. Rxa6 h2+ 55. Kxh2 e2 56. Re6 Kf2 57. Rxe2+ Kxe2 1/2-1/2